 Dungeon Crawl Stone Soup version 0.20.1-1-g8b1a95d (webtiles) character file.

2569 dvd the Changer (level 9, -1/38 HPs)
             Began as a Felid Transmuter on Oct 6, 2017.
             Was a Priest of Qazlal.
             Slain by a two-headed ogre
             ... wielding a +0 giant spiked club
              (16 damage)
             ... on level 8 of the Dungeon.
             The game lasted 00:35:09 (9915 turns).

dvd the Changer (Felid Transmuter)                  Turns: 9915, Time: 00:35:09

Health: -1/38      AC:  6    Str:  8    XL:     9   Next: 31%
Magic:  16/27      EV: 21    Int: 15    God:    Qazlal [***...]
Gold:   266        SH:  4    Dex: 17    Spells: 6/19 levels left
                                        Lives:  0   Deaths: 2

rFire    + . .     SeeInvis +     - Unarmed
rCold    . . .     Gourm    .   (shield unavailable)
rNeg     . . .     Faith    .   (armour unavailable)
rPois    .         Spirit   .   (helmet unavailable)
rElec    .         Reflect  .   (cloak unavailable)
rCorr    .         Harm     .   (gloves unavailable)
MR       +....                  (boots unavailable)
Stlth    +.........             (no amulet)
Regen    0.2/turn               p - +4 ring of protection
MPRegen  0.2/turn               l - ring of magical power

@: blade paws, quick
A: no armour, no weapons or thrown items, stealth, claws 1, fangs 3, see
invisible, carnivore 3, dopey 1, fire resistance 1, speed 1, robust 1, shaggy
fur 2, slow metabolism 1, strong 1
a: End Transformation, Upheaval, Elemental Force, Renounce Religion


You were on level 8 of the Dungeon.
You worshipped Qazlal.
Qazlal was most pleased with you.
You were full.
You had blades for front paws.
You visited 2 branches of the dungeon, and saw 9 of its levels.
You also visited: Sewer and Ossuary.

You collected 266 gold pieces.

Inventory:

Missiles
 B - 53 arrows
Jewellery
 j - an uncursed ring of flight
 l - a ring of magical power (right scythe-like blade)
 m - an uncursed ring of positive energy
 p - a +4 ring of protection (left scythe-like blade)
 r - an uncursed ring of protection from fire
Wands
 t - a wand of clouds (6/9)
 y - a wand of flame (48/48)
 A - a wand of paralysis (13/24)
Scrolls
 a - a scroll of amnesia
 e - 7 scrolls of identify
 h - 8 scrolls of teleportation
 u - 2 scrolls of fear
 v - 4 scrolls of remove curse
 z - a scroll of blinking
Potions
 d - 2 potions of ambrosia
 g - 3 potions of agility
 k - 3 potions of flight
 n - 3 potions of haste
 o - 2 potions of berserk rage
 q - 2 potions of might
 s - 5 potions of curing
 w - a potion of resistance {unknown}
 x - a potion of brilliance {unknown}
 C - a potion of invisibility {unknown}
Books
 b - a book of Changes

   Spells                             Type                      Level
   a - Beastly Appendage              Transmutation                1
   b - Sticks to Snakes               Transmutation                2
   c - Spider Form                    Transmutation/Poison         3
   d - Ice Form                       Ice/Transmutation            4
   e - Blade Hands                    Transmutation                5
 i - a book of Cantrips

   Spells                             Type                      Level
   a - Confusing Touch                Hexes                        1
   b - Animate Skeleton               Necromancy                   1
   c - Summon Small Mammal            Summoning                    1
   d - Apportation                    Translocation                1
Comestibles
 c - 8 meat rations
 f - 7 royal jellies


   Skills:
 + Level 1.5 Fighting
 + Level 5.5 Dodging
 + Level 2.7 Stealth
 + Level 7.6 Unarmed Combat
 + Level 5.8 Spellcasting
 * Level 7.7 Transmutations
 * Level 5.2 Ice Magic
 + Level 0.9 Evocations


You had 6 spell levels left.
You knew the following spells:

 Your Spells              Type           Power        Failure   Level  Hunger
a - Beastly Appendage     Tmut           ####..       13%         1    None
b - Sticks to Snakes      Tmut           ####....     14%         2    #......
c - Ice Form              Ice/Tmut       ###.....     47%         4    ####...
d - Apportation           Tloc           #.....       56%         1    None
e - Blade Hands           Tmut           ####......   58%         5    ######.


Dungeon Overview and Level Annotations

Branches:
Dungeon (8/15)             Temple (1/1) D:7
   Lair: D:8-11

Altars:
Ashenzari
Dithmenos
Elyvilon
Fedhas
Gozag
Hepliaklqana
Kikubaaqudgha
Makhleb
Nemelex Xobeh
Okawaru
Qazlal
Ru
Sif Muna
Trog
Vehumet
Xom
Yredelemnul
Zin
The Shining One

Annotations:
D:2 Sigmund


Innate Abilities, Weirdness & Mutations

You cannot wear armour.
You are incapable of wielding weapons or throwing items.
Your paws allow you to move quietly. (Stealth)
You have sharp claws.
You have razor-sharp teeth.
You have supernaturally acute eyesight. (SInv)
You are carnivorous and can eat meat at any time.
You cover ground quickly.
You are covered in thick fur. (AC +2)
You have a slow metabolism.
((Your sharp claws are effective at attacking unaware monsters.))
You are dopey. (Int -2)
Your flesh is heat resistant. (rF+)
You are robust. (+10% HP)
Your muscles are strong. (Str +2)


Message History

You eat one of the 2 chunks of flesh.
This raw flesh tastes great.
Eating a chunk of flesh.
You eat the chunk of flesh.
This raw flesh tastes great.
Something unseen opens the door.
Found a potion of curing.
You start resting.
You warm up again.
You start resting.
A two-headed ogre comes into view.
It is wielding a giant spiked club and a giant club.
Unknown command.
You see here an iguana skeleton.
There is an open door here.
A bullfrog skeleton comes into view.
Casting: Ice Form
Confirm with . or Enter, or press ? or * to list all spells.
Your front paws turn into razor-sharp scythe blades.
You slice the two-headed ogre!! You bite the two-headed ogre.
The two-headed ogre is heavily wounded.
The two-headed ogre hits you with a giant spiked club!
The two-headed ogre hits you with a giant club!
You die...

...# ## .#..<.... #...
...#. '....... +.... ..
'..#....... ####.... #.#
#..#.......
#......#+##.###'###<.....
#......#.....#....#......
#......#.....#....#......
#......#@....#....+...)..
#......O.....#....#......
#.....÷##...##..###......
####.Z§.#...##..#....####
#....#.......'....#...
.'....#.......#....'...
..!#.$..#.......#....#...
.....#....#.......#....#...
.... #....#.......#....#...


You could see a two-headed ogre and a bullfrog skeleton.

Vanquished Creatures
  Prince Ribbit (D:5)
  A human (D:7)
  4 hogs (D:7)
  Menkaure (D:7)
  A sky beast (D:8)
  3 ogres
  2 centaurs
  3 big kobolds (Sewer)
  A bullfrog (D:7)
  A gnoll sergeant (D:5)
  3 howler monkeys
  2 crimson imps
  3 jellies
  3 orc priests
  2 hounds
  2 bullfrog skeletons
  A centaur skeleton (D:4)
  5 orc wizards
  2 iguanas
  Ijyb (D:5)
  5 worker ants
  A hound zombie (D:7)
  A hound skeleton (D:6)
  13 mummies (Ossuary)
  Robin (D:1)
  A howler monkey skeleton (D:6)
  6 gnolls
  8 adders
  3 river rats (Sewer)
  2 shadow imps
  2 oozes
  An adder zombie (D:5)
  5 worms
  A dart slug (D:4)
  2 leopard geckos
  18 orcs
  4 giant cockroaches
  10 goblins
  9 hobgoblins
  7 jackals
  2 quokkas
  6 ball pythons
  7 bats
  9 frilled lizards
  A gnoll skeleton (Ossuary)
  2 goblin skeletons (Ossuary)
  7 kobolds
  A kobold skeleton (Ossuary)
  3 orc skeletons (Ossuary)
  8 rats
  11 rat skeletons (Ossuary)
199 creatures vanquished.

Vanquished Creatures (collateral kills)
  2 ogres (D:4)
  A worker ant (D:6)
  2 gnolls (D:3)
  2 adders
  A dart slug (D:2)
  A leopard gecko (D:2)
  An orc (D:6)
  A goblin (D:3)
  3 hobgoblins
  A jackal (D:6)
  A bat (D:2)
16 creatures vanquished.

Vanquished Creatures (others)
  A kobold skeleton (Ossuary)
1 creature vanquished.

Grand Total: 216 creatures vanquished

Notes
Turn   | Place    | Note
-------+----------+-------------------------------------------
     0 | D:1      | dvd the Felid Transmuter began the quest for the Orb.
     0 | D:1      | Reached XP level 1. HP: 9/9 MP: 4/4
     0 | D:1      | Noticed an orb of fire
     1 | D:1      | Noticed a tentacled monstrosity
     1 | D:1      | Noticed an ice dragon
     3 | D:1      | Noticed a tentacled monstrosity
     3 | D:1      | Noticed a shadow dragon
     5 | D:1      | Noticed a tentacled monstrosity
     6 | D:1      | Noticed an orb of fire
     7 | D:1      | Noticed an orb of fire
     8 | D:1      | Noticed a tentacled monstrosity
    10 | D:1      | Noticed a shadow dragon
    12 | D:1      | Noticed a large abomination
    13 | D:1      | Noticed a shadow dragon
    19 | D:1      | Noticed a tentacled monstrosity
    19 | D:1      | Noticed a white draconian
    19 | D:1      | Noticed an orb of fire
    21 | D:1      | Noticed an orb of fire
    21 | D:1      | Noticed an iron dragon
    23 | D:1      | Noticed a large abomination
   225 | D:1      | Reached XP level 2. HP: 12/12 MP: 4/6
   229 | D:1      | Learned a level 2 spell: Sticks to Snakes
  1038 | D:1      | Reached XP level 3. HP: 13/15 MP: 5/7
  1047 | D:1      | Learned a level 3 spell: Spider Form
  1166 | D:2      | Noticed Robin
  1571 | D:1      | Killed Robin
  1788 | D:2      | Noticed Sigmund
  1920 | D:3      | Reached XP level 4. HP: 19/19 MP: 8/9
  2124 | D:3      | Learned a level 4 spell: Ice Form
  2438 | D:3      | Learned a level 1 spell: Apportation
  3160 | D:2      | Reached skill level 1 in Stealth
  3183 | D:2      | Reached XP level 5. HP: 22/22 MP: 10/10
  3751 | D:4      | Noticed an ogre
  3762 | D:4      | Killed an ogre
  3778 | D:4      | Noticed an ogre
  3780 | D:4      | Noticed an ogre
  3801 | D:4      | Killed an ogre
  3801 | D:4      | Gained mutation: You are covered in thick fur. (AC +2) [Felid growth]
  3801 | D:4      | Reached XP level 6. HP: 25/25 MP: 12/12
  3884 | D:4      | Reached skill level 1 in Ice Magic
  3951 | D:5      | Entered Level 5 of the Dungeon
  4084 | D:4      | Learned a level 5 spell: Blade Hands
  4305 | D:5      | Noticed Prince Ribbit
  4470 | D:4      | Reached skill level 5 in Transmutations
  4470 | D:4      | Reached XP level 7. HP: 28/28 MP: 12/14
  4600 | D:5      | Found a stormy altar of Qazlal.
  4612 | D:5      | Became a worshipper of Qazlal Stormbringer
  4667 | D:5      | Found a sacrificial altar of Ru.
  4799 | D:5      | Mangled by Prince Ribbit
  4800 | D:5      | Reached XP level 6. HP: -13/30 MP: 20/22
  4807 | D:5      | Killed Prince Ribbit
  4894 | D:5      | Reached XP level 7. HP: 13/28 MP: 14/14
  4915 | D:5      | HP: 1/33 [orc priest/nerve-wracking pain (14)]
  5251 | D:5      | Reached skill level 5 in Unarmed Combat
  5402 | D:5      | Noticed Ijyb
  5414 | D:5      | Killed Ijyb
  5621 | D:5      | Slain by a gnoll sergeant
  5622 | D:5      | Reached XP level 6. HP: -3/30 MP: 16/23
  6022 | D:6      | Found a hazy altar of Hepliaklqana.
  6057 | D:6      | Reached XP level 7. HP: 28/28 MP: 15/15
  6073 | D:6      | Found a blossoming altar of Fedhas.
  6078 | D:6      | Reached * piety under Qazlal
  6216 | D:6      | Found a burning altar of Makhleb.
  6217 | D:6      | Noticed a balrug
  6222 | D:6      | Found a glowing silver altar of Zin.
  6222 | D:6      | Noticed an angel
  6331 | D:6      | Reached skill level 5 in Spellcasting
  6360 | D:6      | Found a glowing drain.
  6375 | Sewer    | Entered a sewer
  6530 | Sewer    | Reached ** piety under Qazlal
  6584 | Sewer    | Reached skill level 5 in Dodging
  6584 | Sewer    | Reached XP level 8. HP: 12/32 MP: 16/16
  7392 | D:7      | Found a staircase to the Ecumenical Temple.
  7443 | Temple   | Entered the Ecumenical Temple
  7740 | D:7      | Noticed Menkaure
  7750 | D:7      | Killed Menkaure
  8381 | D:7      | Found a shimmering altar of Xom.
  8557 | D:7      | Reached XP level 9. HP: 12/35 MP: 18/18
  8561 | D:7      | Reached skill level 5 in Ice Magic
  8951 | D:8      | Gained mutation: You are robust. (+10% HP) [mutagenic meat]
  8953 | D:8      | Gained mutation: Your flesh is heat resistant. (rF+) [mutagenic meat]
  8954 | D:8      | Gained mutation: Your muscles are strong. (Str +2) [mutagenic meat]
  8955 | D:8      | Gained mutation: You are dopey. (Int -2) [mutagenic meat]
  8976 | D:8      | Found a sand-covered staircase.
  8985 | Ossuary  | Entered an ossuary
  9547 | Ossuary  | Reached *** piety under Qazlal
  9911 | D:8      | Noticed a two-headed ogre
  9915 | D:8      | Slain by a two-headed ogre

Skill      XL: |  1  2  3  4  5  6  7  8  9 |
---------------+----------------------------+-----
Dodging        | 3 4 5 |  5.5
Transmutations | 3 4 5 6 7 |  7.7
Spellcasting   | 3 4 5 |  5.8
Stealth        | 1 2 |  2.7
Unarmed Combat | 4 6 7 |  7.6
Ice Magic      | 1 3 4 5 |  5.2
Fighting       | |  1.5
Evocations     | |  0.9

Action                   |  1- 3 |  4- 6 |  7- 9 || total
-------------------------+-------+-------+-------++-------
Melee: Unarmed           |    95 |   207 |   331 ||   633
       Headbutt          |     5 |    26 |     2 ||    33
       Bite              |     5 |    17 |    21 ||    43
       Punch             |       |     4 |     4 ||     8
 Cast: Beastly Appendage |    21 |    32 |     2 ||    55
       Sticks to Snakes  |    18 |    34 |    12 ||    64
       Spider Form       |     2 |       |       ||     2
       Ice Form          |       |     7 |    25 ||    32
       Apportation       |       |     1 |       ||     1
       Blade Hands       |       |       |    10 ||    10
 Abil: Stop Flying       |       |       |     1 ||     1
       Evoke Flight      |       |       |     1 ||     1
Evoke: Wand              |       |       |     4 ||     4
  Use: Scroll            |     4 |     7 |     4 ||    15
       Potion            |       |     8 |       ||     8
 Stab: Sleeping          |     2 |     2 |       ||     4
  Eat: Chunk             |    11 |    18 |    24 ||    53
Armor: Skin              |     7 |    15 |    57 ||    79
Dodge: Dodged            |    89 |   140 |   146 ||   375
Block: Other             |       |       |    20 ||    20
